 Dungeon Crawl Stone Soup version 0.17-a0-2073-gde5cdba (webtiles) character file.

30478 Ohli the Nimble (level 13, -6/113 HPs)
             Began as a Minotaur Fighter on Oct 15, 2015.
             Was a High Priest of Okawaru.
             Mangled by a ghost moth (12 damage)
             ... on level 2 of the Spider Nest.
             The game lasted 02:01:03 (17828 turns).

Ohli the Nimble (Minotaur Fighter)                 Turns: 17828, Time: 02:01:04

Health: -6/113     AC: 20    Str: 16 (22) XL:     13   Next: 20%
Magic:  0/13       EV: 13    Int:  3 (5)  God:    Okawaru [*****.]
Gold:   1077       SH: 12    Dex:  9 (14) Spells: 0 memorised, 12 levels left

rFire  + + .     SeeInvis .     a - +2 scimitar (flame)
rCold  . . .     Clarity  .     T - +0 fire dragon armour
rNeg   . . .     SustAt   .     c - +0 shield
rPois  .         Gourm    .     (helmet unavailable)
rElec  .         Spirit   .     B - +1 cloak {MR+}
rCorr  .         Warding  .     J - +0 pair of gloves (curse)
rMut   .         Stasis   .     E - +0 pair of boots
MR     ++...                    V - amulet of regeneration
Stlth  ..........               P - ring of protection from cold
                                Y - ring of protection from magic

@: lethally poisoned (-6 -> -81), very resistant to hostile enchantments,
extremely unstealthy
A: retaliatory headbutt, horns 3, yellow scales 1, blurry vision 1,
deterioration 1, screaming 1, evolution 1
a: Heroism, Finesse, Renounce Religion


You were on level 2 of the Spider Nest.
You worshipped Okawaru.
Okawaru was extremely pleased with you.
You were hungry.

You visited 4 branches of the dungeon, and saw 18 of its levels.

You collected 1077 gold pieces.

Inventory:

Hand Weapons
 a - a +2 scimitar of flaming (weapon)
 o - a +0 spear of venom
 C - a +0 blowgun
 W - the +6 quarterstaff of Slow Death {antimagic, rF+ MR++ Str-5 Dex+3}
   (Okawaru gifted it to you on level 9 of the Dungeon)

   It disrupts the flow of magical energy around spellcasters and certain
   magical creatures (including the wielder).
   It affects your strength (-5).
   It affects your dexterity (+3).
   It protects you from fire.
   It affects your resistance to hostile enchantments.
Missiles
 r - 5 tomahawks (quivered)
 D - 53 poisoned needles
 Z - 2 curare-tipped needles
Armour
 c - a +0 shield (worn)
 f - a +3 leather armour of cold resistance
 B - a +1 cloak of magic resistance (worn)
 E - a +0 pair of boots (worn)
 J - a cursed +0 pair of gloves (worn)
 T - a +0 fire dragon armour (worn)
Jewellery
 k - an uncursed amulet of clarity
 w - an uncursed ring of flight
 P - a ring of protection from cold (right hand)
 V - an amulet of regeneration (around neck)
 Y - a ring of protection from magic (left hand)
Wands
 v - a wand of slowing (28)
 x - a wand of confusion (22)
 I - a wand of frost (30)
 L - a wand of draining (8)
 M - a wand of lightning (7)
 O - a wand of fireball (9)
 S - a wand of teleportation (6)
 X - a wand of frost (29)
Scrolls
 j - 2 scrolls of fog
 m - 4 scrolls of identify
 n - 4 scrolls of remove curse
 p - 2 scrolls of teleportation
 q - 4 scrolls of amnesia
 u - 3 scrolls of enchant weapon
 y - 3 scrolls of fear
 A - 3 scrolls of recharging
 H - 3 scrolls of magic mapping
 N - a scroll of enchant armour
Potions
 b - 3 potions of agility
 d - 4 potions of might
 g - a potion of magic
 h - 3 potions of flight
 i - 4 potions of curing
 l - 3 potions of haste
 G - 5 potions of resistance
 R - a potion of invisibility
Comestibles
 e - 9 bread rations
 t - 4 meat rations


   Skills:
 + Level 10.1 Fighting
 - Level 1.2 Long Blades
 - Level 2.8(5.2) Polearms
 - Level 6.9(7.2) Staves
 + Level 3.5 Throwing
 * Level 13.1 Armour
 + Level 13.6 Dodging
 + Level 2.2 Stealth
 + Level 12.6 Shields
 + Level 2.3 Invocations


You had 12 spell levels left.
You didn't know any spells.

Dungeon Overview and Level Annotations

Branches:
Dungeon (9/15)             Temple (1/1) D:5            Lair (6/8) D:9
 Spider (2/4) Lair:6        Slime (0/6) Lair:6
  Swamp: Lair:3-6    Shoals: Lair:3-6       Orc: D:9-12

Altars:
Ashenzari
Cheibriados
Dithmenos
Elyvilon
Fedhas
Gozag
Kikubaaqudgha
Makhleb
Nemelex Xobeh
Okawaru
Qazlal
Ru
Sif Muna
Trog
Vehumet
Xom
Yredelemnul
Zin
The Shining One
Lugonu

Annotations:
Lair:3 exclusion: oklob plant


Innate Abilities, Weirdness & Mutations

You reflexively headbutt those who attack you in melee.
You have a pair of large horns on your head.
You are partially covered in yellow scales (AC +2).
Scrolls take you a little longer to read.
Your body sometimes deteriorates upon taking damage.
You occasionally shout uncontrollably at your foes.
You evolve.


Message History

Something barely misses you. Something hits you but does no damage.
Something stings you.
* * * LOW HITPOINT WARNING * * *
You are more poisoned.
Something poisons you!
* * * LOW HITPOINT WARNING * * *
You feel extremely sick.
You feel you are being watched by something.
* * * LOW HITPOINT WARNING * * *
You feel very sick.
You feel you are being watched by something.
You block its attack. Something hits you!
* * * LOW HITPOINT WARNING * * *
You feel clumsy.
Something stings you but does no damage.
You begin reading the scroll.
You continue reading the scroll.
* * * LOW HITPOINT WARNING * * *
You feel extremely sick. Something hits you!
You die...

...#...##.%#...#
...#..####....#####
...##.^#....####..#
....####....# #...#### ..###
#...### ##...#^#####
...####..## ###......##.##
...#.....### #.........#..##
..##.......# #...#.........##
..###......###..@##...#.....#
### #......=......##..#.....#
# #..^##..^.....^###......#
######.###.....#..#...../<###
.....###.##...#####.......#.#
..........#######...........#
...............#............#
...............##...........#
..............###..###..#...#


There were no monsters in sight!

Vanquished Creatures
  3 hydras
  A catoblepas (Lair:5)
  Erica (D:9)
  Pikel (D:5)
  5 wolf spiders
  5 black mambas
  Joseph (D:7)
  11 spiny frogs
  Psyche (D:8)
  4 torpor snails (Lair:1)
  3 elephants (Lair:4)
  6 komodo dragons
  A jumping spider (Spider:2)
  2 demonic crawlers (Spider:2)
  2 fire drakes
  2 polar bears
  Grinder (D:3)
  14 blink frogs
  3 trapdoor spiders
  4 yaks (Lair:3)
  A wraith (D:9)
  2 tarantellas
  6 hippogriffs
  12 wolves
  Menkaure (D:5)
  3 basilisks
  A steam dragon (D:9)
  8 water moccasins
  6 ogres
  15 spiders
  A black bear (Lair:3)
  A slave (D:5)
  2 ice beasts (D:9)
  2 sky beasts
  A phantom (D:5)
  4 porcupines
  A necrophage (D:9)
  2 orc warriors
  4 centaurs
  3 crocodiles
  Blork the orc (D:5)
  8 giant frogs
  A water moccasin zombie (D:7)
  9 killer bees (D:9)
  2 jellies (D:9)
  4 wights (D:8)
  3 crimson imps
  4 hounds
  Crazy Yiuf (D:3)
  5 orc priests
  14 orc wizards
  A giant frog skeleton (D:4)
  6 iguanas
  9 worker ants
  A hound zombie (D:9)
  A hound skeleton (D:9)
  9 gnolls
  9 adders
  29 river rats
  3 shadow imps
  An ooze (D:1)
  2 adder skeletons
  A worm (D:2)
  6 giant geckos
  21 orcs
  A ball python (D:6)
  9 bats
  4 giant cockroaches
  9 hobgoblins
  5 quokkas
  A giant cockroach zombie (D:5)
  2 giant gecko skeletons (D:6)
  6 giant newts
  9 goblins
  8 kobolds
  A quokka skeleton (D:4)
  5 rats
  A plant (Lair:2)
359 creatures vanquished.

Vanquished Creatures (others)
  A river rat (Lair:5)
  A kobold (D:1)
  10 fungi
  22 plants
34 creatures vanquished.

Grand Total: 393 creatures vanquished

Notes
Turn   | Place    | Note
--------------------------------------------------------------
     0 | D:1      | Ohli the Minotaur Fighter began the quest for the Orb.
     0 | D:1      | Reached XP level 1. HP: 19/19 MP: 0/0
    86 | D:1      | Reached skill level 4 in Armour
   144 | D:1      | Reached XP level 2. HP: 27/27 MP: 1/1
   324 | D:1      | Found a shattered altar of Ashenzari.
   359 | D:1      | Reached XP level 3. HP: 33/33 MP: 2/2
   871 | D:2      | Found an iron altar of Okawaru.
   914 | D:2      | Became a worshipper of Warmaster Okawaru
  1230 | D:2      | Reached skill level 1 in Dodging
  1230 | D:2      | Reached XP level 4. HP: 40/40 MP: 3/3
  1439 | D:3      | Reached XP level 5. HP: 47/47 MP: 4/4
  1559 | D:3      | Noticed Grinder
  1570 | D:3      | Paralysed by Grinder for 4 turns
  1577 | D:3      | Noticed an ogre
  1577 | D:3      | Killed Grinder
  1577 | D:3      | Reached * piety under Okawaru
  1577 | D:3      | Reached skill level 5 in Fighting
  1577 | D:3      | Reached skill level 5 in Armour
  1577 | D:3      | Reached skill level 5 in Shields
  1577 | D:3      | Reached XP level 6. HP: 30/56 MP: 5/5
  1582 | D:3      | Killed an ogre
  1582 | D:3      | Reached ** piety under Okawaru
  1695 | D:3      | Noticed Crazy Yiuf
  1705 | D:3      | Killed Crazy Yiuf
  1980 | D:4      | Found a white marble altar of Elyvilon.
  2034 | D:4      | Reached XP level 7. HP: 55/61 MP: 6/6
  2136 | D:4      | Reached skill level 5 in Dodging
  2314 | D:4      | Found a blossoming altar of Fedhas.
  2385 | D:4      | Reached skill level 6 in Armour
  2797 | D:5      | Entered Level 5 of the Dungeon
  2801 | D:5      | Noticed Menkaure
  2809 | D:5      | Killed Menkaure
  2809 | D:5      | Reached *** piety under Okawaru
  2970 | D:5      | Noticed Blork the orc
  2980 | D:5      | Killed Blork the orc
  2980 | D:5      | Reached XP level 8. HP: 61/69 MP: 7/7
  3114 | D:5      | Found a staircase to the Ecumenical Temple.
  3123 | Temple   | Entered the Ecumenical Temple
  3487 | D:5      | Reached skill level 7 in Shields
  3886 | D:5      | Noticed Pikel
  3906 | D:5      | Killed Pikel
  3906 | D:5      | Reached **** piety under Okawaru
  4224 | D:6      | Reached XP level 9. HP: 65/78 MP: 8/8
  4458 | D:6      | Found a radiant altar of Vehumet.
  4628 | D:6      | Reached skill level 8 in Dodging
  4651 | D:6      | Found a sparkling altar of Nemelex Xobeh.
  4652 | D:6      | Found an opulent altar of Gozag.
  4901 | D:7      | Found a shadowy altar of Dithmenos.
  5100 | D:7      | Found a bloodstained altar of Trog.
  5429 | D:7      | Noticed Joseph
  5912 | D:7      | Killed Joseph
  5912 | D:7      | Reached skill level 9 in Dodging
  5912 | D:7      | Reached skill level 1 in Stealth
  6007 | D:8      | Received a gift from Okawaru
  6077 | D:8      | Noticed Psyche
  6096 | D:8      | Killed Psyche
  6293 | D:8      | Reached ***** piety under Okawaru
  6293 | D:8      | Reached skill level 1 in Throwing
  7334 | D:8      | Reached XP level 10. HP: 85/88 MP: 9/9
  7370 | D:8      | Found a shadowy altar of Dithmenos.
  7370 | D:8      | Found a basalt altar of Yredelemnul.
  7370 | D:8      | Found a radiant altar of Vehumet.
  7371 | D:8      | Found a deep blue altar of Sif Muna.
  7373 | D:8      | Found a glowing golden altar of the Shining One.
  7691 | D:8      | Gained mutation: You have large cloven feet. [mutagenic meat]
  7877 | D:9      | Reached skill level 10 in Dodging
  8163 | D:9      | Found a staircase to the Lair.
  8246 | D:9      | Noticed Erica
  8282 | D:9      | Killed Erica
  8901 | D:9      | Reached skill level 1 in Invocations
  8943 | D:9      | Received a gift from Okawaru
  8948 | D:9      | Got an iridescent quarterstaff {god gift}
  8954 | D:9      | Identified the +6 quarterstaff of Slow Death {antimagic, rF+ MR++ Str-5 Dex+3} (Okawaru gifted it to you on level 9 of the Dungeon)
  8986 | D:9      | Reached skill level 1 in Long Blades
  9016 | D:9      | Reached skill level 11 in Dodging
  9150 | D:9      | Gained mutation: You have a pair of large horns on your head. [mutagenic meat]
  9151 | D:9      | Gained mutation: You are clumsy. (Dex -2) [mutagenic meat]
  9152 | D:9      | Gained mutation: You occasionally shout uncontrollably at your foes. [mutagenic meat]
  9153 | D:9      | Lost mutation: You are clumsy. (Dex -2) [mutagenic meat]
  9382 | Lair:1   | Entered Level 1 of the Lair of Beasts
  9387 | Lair:1   | Reached skill level 1 in Staves
 10088 | Lair:1   | Found a snail-covered altar of Cheibriados.
 10105 | Lair:1   | Reached XP level 11. HP: 48/94 MP: 3/10
 10110 | Lair:1   | Received a gift from Okawaru
 10428 | Lair:1   | Reached skill level 10 in Armour
 10759 | Lair:1   | Noticed a black mamba
 10770 | Lair:1   | Killed a black mamba
 11197 | Lair:1   | Reached skill level 5 in Staves
 11344 | Lair:2   | Found a glowing silver altar of Zin.
 11740 | Lair:2   | Reached skill level 12 in Dodging
 13134 | Lair:3   | Reached skill level 10 in Shields
 13265 | Lair:3   | Received a gift from Okawaru
 13274 | Lair:3   | Got a spiked ring mail {god gift}
 13285 | Lair:3   | Identified the +0 ring mail "Amunyvel" {Int+2 Stlth+} (Okawaru gifted it to you on level 3 of the Lair of Beasts)
 14166 | Lair:3   | Noticed a five-headed hydra
 14181 | Lair:3   | Killed a one-headed hydra
 14181 | Lair:3   | Reached XP level 12. HP: 72/103 MP: 6/11
 14642 | Lair:4   | Noticed a seven-headed hydra
 14653 | Lair:4   | Killed a one-headed hydra
 14974 | Lair:4   | You fall through a shaft!
 15079 | Lair:5   | Noticed a four-headed hydra
 15085 | Lair:5   | Killed a two-headed hydra
 15087 | Lair:5   | Noticed a catoblepas
 15127 | Lair:5   | Killed a catoblepas
 15592 | Lair:5   | Reached skill level 13 in Dodging
 15735 | Lair:5   | Got a blackened ring mail
 15744 | Lair:5   | Identified the cursed +1 ring mail "Loteupom" {+Inv Slay+4} (You found it on level 5 of the Lair of Beasts)
 15843 | Lair:5   | Received a gift from Okawaru
 16135 | Lair:6   | Found a hole to the Spider Nest.
 16404 | Lair:6   | Found a staircase to the Slime Pits.
 16716 | Spider:1 | Entered Level 1 of the Spider Nest
 16741 | Spider:1 | Reached XP level 13. HP: 108/113 MP: 13/13
 17103 | Spider:2 | Received a gift from Okawaru
 17103 | Spider:2 | Reached skill level 10 in Fighting
 17775 | Spider:2 | Gained mutation: You evolve. [potion of mutation]
 17775 | Spider:2 | Gained mutation: Your body sometimes deteriorates upon taking damage. [potion of mutation]
 17775 | Spider:2 | Gained mutation: Scrolls take you a little longer to read. [potion of mutation]
 17776 | Spider:2 | Lost mutation: You have large cloven feet. [potion of mutation]
 17776 | Spider:2 | Gained mutation: You are partially covered in yellow scales (AC +2). [potion of mutation]
 17828 | Spider:2 | Mangled by a ghost moth

Vault maps used:
D:1:      shiori_arrival_elements, st_stairs_13, ashenzari_altar_1
D:2:      okawaru_trees_2, minmay_misc_feat_plants, kennysheep_generic_room_2
D:3:      uniq_grinder, uniq_crazy_yiuf_cottage
D:4:      lemuel_doored_altar, fedhas_altar_fruit_tree, first_bread
D:5:      minmay_temple_entry_statues_fountains, uniq_blork_the_orc, uniq_pikel,
          uniq_menkaure
D:6:      grunt_temple_overflow_opulence, vehumet_altar_wand_db
D:7:      kennysheep_mini, nicolae_dithmenos_the_darkroom, uniq_joseph
D:8:      minitemple, uniq_psyche
D:9:      david_lair_shrubbed, uniq_erica
Temple:   corrupted_temple
Lair:1:   kennysheep_snail_temple
Lair:2:   basic_altar, grunt_forest_small_clearing_treed,
          infiniplex_staircase_pool
Lair:3:   minmay_lair_oklob_bushes, serial_bayou_shore_a
Lair:5:   lemuel_fruit_tree
Lair:6:   minmay_swamp_entry_worms, nicolae_spider_entry_tight_spaces,
          slime_dummy
Spider:1: spider_trap, uniq_asterion
Spider:2: nicolae_spider_stair_cavern

Action                   |  1- 3 |  4- 6 |  7- 9 | 10-12 | 13-15 || total
-------------------------+-------+-------+-------+-------+-------++-------
Melee: Trident           |    41 |       |       |       |       ||    41
       Spear             |    33 |    97 |   420 |   136 |    93 ||   779
       Quarterstaff      |       |       |       |   240 |    17 ||   257
       Scimitar          |       |       |       |   428 |    10 ||   438
 Fire: Blowgun           |       |       |    24 |    29 |       ||    53
Throw: Javelin           |       |       |     5 |     7 |       ||    12
       Throwing net      |       |       |       |     1 |     1 ||     2
       Tomahawk          |       |       |       |     3 |     8 ||    11
Invok: Finesse           |       |       |       |     4 |       ||     4
Evoke: Wand              |       |       |       |     1 |     2 ||     3
  Use: Potion            |       |     1 |     2 |     7 |     9 ||    19
       Scroll            |       |       |     4 |    25 |     6 ||    35
 Stab: Petrified         |       |       |       |     2 |       ||     2
  Eat: Chunk             |       |     4 |     7 |    36 |     1 ||    48
       Meat ration       |       |       |     1 |       |       ||     1
       Fruit             |       |       |     3 |     1 |     5 ||     9
       Beef jerky        |       |       |     1 |     3 |       ||     4
